 Dungeon Crawl Stone Soup version 0.32-a0-893-gf85d74f360 (webtiles) character file.

Game seed: 3448277107327224865

1756817 Ge0ff the Wild Oni (level 27, 291/291 HPs)
             Began as an Oni Berserker on Apr 3, 2024.
             Was a High Priest of Trog.
             Escaped with the Orb
             ... and 3 runes!
             The game lasted 02:47:24 (61501 turns).

Ge0ff the Wild Oni (Oni Berserker)                 Turns: 61501, Time: 02:47:25

Health: 291/291    AC: 17    Str: 47    XL:     27
Magic:  37/37      EV: 15    Int:  8    God:    Trog [*****.]
Gold:   544        SH: 29    Dex: 13    Spells: 26/26 levels left

rFire   + . .        a - +9 demon trident (spect)
rCold   . . .        G - +8 tower shield {reflect}
rNeg    . . .        e - +5 faerie dragon scales {rCorr Str+4 Slay+6 Stlth+ Clar}
rPois   +            A - +0 mask of the Dragon {Will+ Slay+3 SInv}
rElec   +            Q - +0 cloak {rPois}
rCorr   +            (gloves unavailable)
SInv    +            (boots unavailable)
Will    +++..        Y - amulet "Kuemivuf" {rElec Regen+ Dex+3}
Stlth   ++           r - +6 ring of strength
HPRegen 1.48/turn    h - ring of protection from fire {=R}
MPRegen 0.25/turn

%: reflection, clarity
@: no status effects
A: large, unfitting armour, horns 2, tough skin 1, double potion healing,
drunken brawling, hooves 1, iridescent scales 1, clarity, deformed body, shaggy
fur 1, wild magic 1, noise suppression
0: Orb of Zot
}: 3/15 runes: barnacled, silver, gossamer
a: Renounce Religion, Berserk, Trog's Hand, Brothers in Arms


You escaped.
You worshipped Trog.
Trog was extremely pleased with you.
You visited 10 branches of the dungeon, and saw 48 of its levels.
You visited the Abyss 1 time.
You visited 1 bazaar.
You also visited: Sewer, Gauntlet and Volcano.

You collected 8351 gold pieces.
You spent 7807 gold pieces at shops.

Inventory:

Hand Weapons
 a - a +9 spectral demon trident (weapon)
 b - a +9 antimagic demon trident
Missiles
 n - 18 javelins
 t - 111 large rocks
 v - 2 curare-tipped darts {=F}
 D - 4 boomerangs (quivered)
 K - 5 darts of dispersal
 L - 11 silver javelins
Armour
 e - the +5 faerie dragon scales (worn) {rCorr Str+4 Slay+6 Stlth+ Clar}
   (You took it off the Enchantress on level 1 of the Depths)

   Str+4:     It affects your strength (+4).
   Slay+6:    It affects your accuracy & damage with ranged weapons and melee
   (+6).
   Clar:      It protects you from confusion, rage, mesmerisation and fear.
   rCorr:     It protects you from acid and corrosion.
   Stlth+:    It makes you more stealthy.
 A - the +0 mask of the Dragon (worn) {Will+ Slay+3 SInv}
   (You acquired it on level 5 of the Vaults)

   Slay+3:    It affects your accuracy & damage with ranged weapons and melee
   (+3).
   Will+:     It increases your willpower.
   SInv:      It lets you see invisible.
 G - a +8 tower shield of reflection (worn)
 Q - a +0 cloak of poison resistance (worn)
Jewellery
 f - the ring of Conformity {rElec rF- Will++ MP+9}
   (You took it off Grunn on level 2 of the Depths)

   [ring of magical power]

   rF-:       It makes you vulnerable to fire.
   rElec:     It insulates you from electricity.
   Will++:    It greatly increases your willpower.
   MP+9:      It affects your magic capacity (+9).
 g - a ring of protection from cold
 h - a ring of protection from fire (right hand) {=R}
 i - a ring of positive energy
 r - a +6 ring of strength (left hand)
 w - the ring of Ytaell {Fly Dex+2}
   (You found it in a Gauntlet)

   [ring of flight]

   Dex+2:     It affects your dexterity (+2).
   Fly:       It grants you flight.
 z - the amulet "Kaokhlan" {rPois Regen+ rCorr Str-4 Dex+5}
   (You took it off a deep elf demonologist on level 3 of the Elven Halls)

   [amulet of regeneration]

   Str-4:     It affects your strength (-4).
   Dex+5:     It affects your dexterity (+5).
   rPois:     It protects you from poison.
   Regen+:    It increases your rate of health regeneration.
   rCorr:     It protects you from acid and corrosion.
 Y - the amulet "Kuemivuf" (around neck) {rElec Regen+ Dex+3}
   (You found it on level 1 of the Realm of Zot)

   [amulet of regeneration]

   Dex+3:     It affects your dexterity (+3).
   rElec:     It insulates you from electricity.
   Regen+:    It increases your rate of health regeneration.
 Z - the ring "Luco" {rC+ rN+ Will- Int+6 Slay+3}
   (You bought it in a shop on level 10 of the Dungeon)

   [ring of protection from cold]

   Int+6:     It affects your intelligence (+6).
   Slay+3:    It affects your accuracy & damage with ranged weapons and melee
   (+3).
   rC+:       It protects you from cold.
   rN+:       It protects you from negative energy.
   Will-:     It decreases your willpower.
Wands
 d - a wand of digging (1)
 j - a wand of quicksilver (14)
 k - a wand of warping (64)
 p - a wand of paralysis (86)
 s - a wand of mindburst (90)
 P - a wand of polymorph (38)
Scrolls
 m - 8 scrolls of revelation
 y - a scroll of immolation
 B - 3 scrolls of blinking
 C - 5 scrolls of poison
 E - 6 scrolls of fear
 F - 11 scrolls of fog
 J - 5 scrolls of silence {!r}
 S - a scroll of butterflies
 T - 12 scrolls of teleportation
 V - 14 scrolls of vulnerability
Potions
 o - 12 potions of ambrosia
 q - 19 potions of curing
 u - 13 potions of mutation {!q}
 H - 4 potions of haste {!q}
 I - a potion of invisibility
 M - 11 potions of might
 N - 15 potions of cancellation {!q}
 R - 2 potions of resistance
 W - 15 potions of heal wounds {!q}
 X - 4 potions of enlightenment
Miscellaneous
 c - a condenser vane
 l - a lightning rod (4/4)
 x - a Gell's gravitambourine (1/2)
 O - a sack of spiders
 U - a phantom mirror


   Skills:
 - Level 20.0 Fighting
 - Level 20.0 Polearms
 * Level 17.7 Throwing
 + Level 14.9 Armour
 + Level 15.9 Dodging
 + Level 6.4 Stealth
 - Level 20.0 Shields
 - Level 20.1 Invocations
 - Level 14.0 Evocations


You had 26 spell levels left.
You didn't know any spells.
Your spell library was empty.

Dungeon Overview and Level Annotations

Branches:
Dungeon (15/15)            Temple (1/1) D:6            Lair (5/5) D:9
 Shoals (4/4) Lair:3       Spider (4/4) Lair:2        Slime (0/5) Lair:4
    Orc (2/2) D:11            Elf (3/3) Orc:2        Vaults (5/5) D:14
  Crypt (0/3) Vaults:2     Depths (4/4) D:15            Zot (5/5) Depths:4
  Sewer (visited)         Volcano (visited)         Gauntlet (visited)

Altars:
Ashenzari
Cheibriados
Dithmenos
Elyvilon
Fedhas
Gozag
Hepliaklqana
Kikubaaqudgha
Makhleb
Nemelex Xobeh
Okawaru
Qazlal
Ru
Sif Muna
Trog
Uskayaw
Vehumet
Wu Jian
Xom
Yredelemnul
Zin
The Shining One
Beogh
Jiyva

Shops:
D:4 !   D:7 [   D:9 [[(=*   D:10 =   Orc:2 ([*   Elf:1 *   Elf:3 :   Shoals:3 ?
Depths:4 :

Portals:
Hell: Depths:1 Depths:2 Depths:3 Depths:4
Abyss: Depths:3
Pandemonium: Depths:2 Depths:4
Ziggurat: Depths:2


Innate Abilities, Weirdness & Mutations

You are too large for most types of armour.
You have a pair of horns on your head.
You have tough skin. (AC +1)
You gain doubled healing and magic from potions.
Whenever you drink a healing potion, you attack all around you.
You have large cloven feet.
You are partially covered in iridescent scales. (AC +2)
You possess an exceptional clarity of mind.
Armour fits poorly on your strangely shaped body.
You are covered in fur. (AC +1)
Your spells are a little harder to cast, but a little more powerful.
You passively dampen the noise of your surroundings.


Message History

You hear chittering from your sack of spiders.
It's ready.
You see here 2 potions of degeneration.
There is a stone staircase leading up here.
You climb upwards.
There is a stone staircase leading down here.
A tormentor comes into view.
Things that are here:
a +0 robe; a +4 battleaxe; a yak skeleton
There is a stone staircase leading up, spattered with blood here.
You climb upwards.
There is a stone staircase leading down here.
An Orb Guardian comes into view.
You see here a yak skeleton.
The Orb Guardian moves out of view.
There is a stone staircase leading up here.
You climb upwards.
There is a stone staircase leading down here.
There is a stone staircase leading up here.
You climb upwards.
There is a stone staircase leading down here.
There is an open door here.
There is a stone staircase leading up, spattered with blood here.
You see here a +0 shortbow.
You climb upwards.
There is a stone staircase leading down here.
A soul eater comes into view.
There is a stone staircase leading up here.
You climb upwards.
There is a stone staircase leading down here.
There is a stone staircase leading up here.
You climb upwards.
There is a stone staircase leading down here.
There is a stone staircase leading up here.
You climb upwards.
There is a stone staircase leading down here.
A neqoxec comes into view.
There is an open door here.
You throw a boomerang. The boomerang hits the neqoxec!!!
You kill the neqoxec!
Trog accepts your kill.
Items here: )) ÷÷.
There is a stone staircase leading up here.
You climb upwards.
There is a stone staircase leading down here.
There is a staircase leading out of the dungeon here.
Use which ability? (? or * to list)
Your troll goes berserk!
Use which ability? (? or * to list)
Your stone giant goes berserk!
You have escaped!

...#######..###.##..........#.##
)..+.......................##.#
...########................##.#
...# #..#..........#.###.#
...########..#.########.#.# #.#
.....................>..#.# #.#
#..............######.###.# #.#
#######♣♣♣♣♣♣♣♣♣♣# #.# #.# #.#
♣♣.....♣#.@♣###.###.# #.#
♣♣........CT♣........# #.#
♣....♣.♣...♣#.##.##### #.#
♣.....⌠.....♣.##.# #.#
♣....♣.♣....♣.##.# #.#
♣♣.........♣♣.#..# #.#
♣♣.......♣♣#...## #.#
♣♣♣...♣♣♣...### #.# #...##..#.#
#.#


You could see a friendly stone giant (summoned, berserk) and a friendly troll
(summoned, berserk).

Vanquished Creatures
  5 ancient liches (Zot:5)
  4 dread liches
  5 orbs of fire
  4 juggernauts
  2 Killer Klowns (Zot:5)
  Saint Roka (Orc:2)
  Margery (Depths:3)
  A curse toe (Zot:4)
  8 golden dragons
  A caustic shrike (Depths:2)
  Nikola (Shoals:1)
  the Enchantress (Depths:1)
  2 doom hounds (Depths:2)
  6 electric golems
  The ghost of Xoff the Luminary of Lethal Lore, an adept GnCj of Vehumet (Elf:1)
  A walking crystal tome (Depths:3)
  A lich (Depths:1)
  A walking earthen tome (Depths:2)
  14 tentacled monstrosities
  Jorgrun (Orc:2)
  21 Orb Guardians (Zot:5)
  7 titans
  Grunn (Depths:2)
  The ghost of Plog the Tortoise, an adept AtMo of Okawaru (Vaults:2)
  4 deep elf blademasters
  A walking divine tome (Depths:3)
  4 deep elf master archers (Elf:3)
  8 quicksilver dragons
  Gastronok (D:10)
  7 sphinxes
  2 tentacled starspawn (Abyss:3)
  A searing wretch (Depths:3)
  A kraken (Shoals:4)
  5 death cobs
  Kirke (D:13)
  7 storm dragons
  The ghost of Tulador the Executioner, an adept HOFi of Beogh (Depths:3)
  6 tengu reavers
  9 shadow dragons
  Aizul (Shoals:1)
  A draconian monk (Zot:3)
  4 protean progenitors
  Donald (Spider:1)
  2 draconian knights
  13 fire giants
  12 vault wardens
  5 ghost moths
  2 emperor scorpions (Spider:4)
  5 iron dragons
  A deep elf elementalist (Elf:3)
  4 draconian scorchers
  9 frost giants
  An angel (Depths:2)
  6 deep elf sorcerers
  5 draconian shifters
  A ghoul (Vaults:2)
  3 draconian stormcallers (Zot:1)
  4 orc warlords
  2 reapers (Depths:2)
  5 cacodemons
  5 spriggan defenders
  5 broodmothers
  17 ironbound preservers
  5 ironbound thunderhulks
  22 stone giants
  22 very ugly things
  4 draconian annihilators
  5 vampire knights
  9 black draconians
  3 formless jellyfish
  8 green draconians
  5 deep elf demonologists
  7 white draconians
  8 deep elf death magi (Elf:3)
  9 yellow draconians
  6 purple draconians
  8 dire elephants
  4 deep elf annihilators
  5 spark wasps
  5 red draconians
  The ghost of Larugibown the Arsonist, a journeyman MDFE of Makhleb (D:13)
  A blizzard demon (Depths:4)
  4 merfolk javelineers (Shoals:4)
  7 ettins
  4 fire dragons
  4 jiangshi
  8 deep elf high priests
  5 great orbs of eyes
  4 merfolk impalers
  6 rakshasas
  15 yaktaur captains
  6 entropy weavers
  7 hydras
  10 ice dragons
  38 vault guards
  A hell beast (Zot:4)
  13 ironbound frosthearts
  2 jorogumos (Spider:3)
  3 ogre magi
  8 boulder beetles
  6 spriggan air magi
  10 two-headed ogres
  13 centaur warriors
  4 radroaches
  5 demonic crawlers
  A two-headed ogre (shapeshifter) (Depths:2)
  13 death yaks
  4 deep troll shamans
  33 dancing weapons
  4 vampire magi
  5 merfolk aquamancers
  7 deep troll earth magi
  5 tengu warriors
  2 orc high priests (Orc:2)
  2 shock serpents (shapeshifter)
  5 spriggan berserkers
  3 occultists
  8 hell knights
  A soul eater (Depths:2)
  Nergalle (D:10)
  15 deep elf knights
  5 sun demons
  A skeletal warrior (Vaults:2)
  8 skysharks
  A fire crab (Gauntlet)
  6 deep elf archers
  3 iron trolls
  14 sea snakes
  A sixfirhy (D:10)
  A skyshark (shapeshifter) (Elf:1)
  A glowing orange brain (shapeshifter) (Elf:1)
  A shadow demon (Depths:4)
  8 glowing orange brains
  8 orb spiders
  36 deep trolls
  10 pharaoh ants
  A mana viper (shapeshifter) (Vaults:2)
  8 arcanists
  2 sun moths
  11 steelbarb worms
  3 flayed ghosts
  32 deep elf pyromancers
  5 large abominations
  2 steelbarb worms (shapeshifter)
  26 deep elf zephyrmancers
  6 spectral wolf spiders (Spider:4)
  20 harpies
  4 phantasmal warriors (Vaults:5)
  16 orc knights
  5 necromancers
  17 lindwurms
  A thermic dynamo (Elf:1)
  17 wolf spiders
  A salamander (Depths:3)
  2 human zombies (Vaults:1)
  An oklob plant (Lair:4)
  21 ironbound convokers
  5 wolf spider zombies (Spider:4)
  2 stone giant zombies (Vaults:3)
  A shining eye (shapeshifter) (Vaults:5)
  Maurice (Orc:2)
  39 ugly things
  A faun (shapeshifter) (Vaults:3)
  3 orc sorcerers (Orc:2)
  An elephant (shapeshifter) (Depths:4)
  A tengu skeleton (Vaults:3)
  2 worldbinders (Abyss:3)
  9 merfolk sirens
  9 cyclopes
  A manticore (shapeshifter) (Elf:1)
  28 moths of wrath
  7 manticores
  4 fauns (Shoals:3)
  A meliai (Spider:4)
  17 vault sentinels
  2 toenail golems (Volcano)
  28 elephants
  3 kobold blastminers
  A black mamba (shapeshifter) (Elf:1)
  10 black mambas
  3 smoke demons (Abyss:3)
  5 water nymphs
  3 torpor snails
  A guardian serpent (Lair:5)
  2 molten gargoyles
  16 cane toads
  2 gargoyles
  An unseen horror (D:13)
  A freezing wraith (Vaults:5)
  2 cane toads (shapeshifter)
  8 komodo dragons
  5 rime drakes
  18 yaktaurs
  A yaktaur zombie (Vaults:3)
  3 tengu conjurers
  4 efreet
  18 tarantellas
  20 merfolk
  5 polar bears
  9 trolls
  4 human skeletons
  A merfolk (shapeshifter) (Vaults:2)
  25 blink frogs
  5 wind drakes
  3 wolf spider simulacra (Spider:4)
  A tarantella (shapeshifter) (Elf:3)
  8 hornets
  A polar bear (shapeshifter) (Elf:1)
  24 jumping spiders
  2 glass eyes (Depths:2)
  A raiju (shapeshifter) (Elf:1)
  39 slime creatures
  15 dream sheep
  A jumping spider (shapeshifter) (Vaults:5)
  12 snapping turtles
  A spriggan (shapeshifter) (D:15)
  7 spriggans
  2 vampires
  18 water elementals
  17 culicivoras
  7 air elementals
  4 wraiths
  2 ynoxinuls
  2 shadows (D:9)
  6 fire elementals
  15 wyverns
  5 fire bats
  58 yaks
  4 basilisks
  2 hogs (D:13)
  2 wargs
  2 neqoxecs
  2 steam dragons
  9 vampire mosquitoes
  52 redbacks
  A swamp worm (Zot:3)
  6 acid dragons
  A human simulacrum (Vaults:1)
  An ogre skeleton (Vaults:3)
  32 water moccasins
  28 orc warriors
  9 laughing skulls
  An ice beast (D:6)
  4 black bears
  3 boggarts (Depths:3)
  21 wolves
  8 ogres
  A water moccasin (shapeshifter) (Vaults:5)
  13 centaurs
  6 phantoms
  4 kobold brigands
  19 bullfrogs
  5 small abominations
  7 earth elementals
  3 scorpions
  9 wights
  13 killer bees
  3 howler monkeys (D:9)
  7 electric eels (D:9)
  8 hounds
  16 orc priests
  7 jellies
  A gnoll bouda (D:8)
  4 starcursed masses (Abyss:3)
  2 iguanas
  Natasha (thrice) (D:4)
  18 orc wizards
  5 gnolls (D:8)
  2 river rats (Sewer)
  9 adders
  2 shadow imps
  3 white imps
  2 ufetubi (D:6)
  2 dart slugs
  3 ribbon worms (D:3)
  67 orcs
  22 ball pythons
  6 bats
  6 endoplasms
  6 giant cockroaches
  7 goblins
  4 hobgoblins
  7 jackals
  3 quokkas
  5 frilled lizards
  10 kobolds
  29 rats
  An aspiring flesh (Zot:1)
  A starspawn tentacle (Abyss:3)
  4 tentacles (Shoals:4)
2129 creatures vanquished.

Vanquished Creatures (collateral kills)
  2 tentacled monstrosities
  A walking earthen tome (Depths:4)
  A sphinx (Vaults:5)
  A tengu reaver (Vaults:5)
  A shadow dragon (Vaults:5)
  A frost giant (Vaults:5)
  An ironbound preserver (Vaults:4)
  A very ugly thing (Depths:2)
  A minotaur (Gauntlet)
  A purple draconian (Zot:4)
  A deep elf high priest (Vaults:5)
  A vault guard (Vaults:5)
  A radroach (Spider:3)
  A boulder beetle (Spider:4)
  A jorogumo (Spider:3)
  An orb spider (Spider:3)
  A phantasmal warrior (Vaults:2)
  A wolf spider (Spider:1)
  2 merfolk sirens (Lair:3)
  2 cane toads (Lair:2)
  A merfolk (Lair:3)
  2 tarantellas (Spider:3)
  2 blink frogs (Lair:2)
  A jumping spider (Spider:1)
  A culicivora (Spider:3)
  4 yaks (Lair:2)
  A wyvern (Lair:3)
  2 basilisks (Lair:2)
  4 redbacks
  2 water moccasins (Lair:3)
  A small abomination (Gauntlet)
44 creatures vanquished.

Vanquished Creatures (others)
  A draconian knight (Zot:4)
  A frost giant (Vaults:5)
  A deep elf knight (Elf:3)
  A steelbarb worm (Spider:4)
  A guardian serpent (shapeshifter) (Elf:1)
  A fire bat (Depths:3)
  2 swamp worms (Zot:3)
  2 foxfires (D:13)
  94 spectral weapons
  4 starspawn tentacles (Abyss:3)
  4 tentacles (Shoals:4)
112 creatures vanquished.

Grand Total: 2285 creatures vanquished

Notes
Turn   | Place    | Note
-------+----------+-------------------------------------------
     0 | D:1      | Ge0ff the Oni Berserker began the quest for the Orb.
     0 | D:1      | Reached XP level 1. HP: 24/24 MP: 1/1
   188 | D:1      | Reached XP level 2. HP: 30/32 MP: 2/2
   946 | D:1      | Reached XP level 3. HP: 34/40 MP: 3/3
  1400 | D:2      | Reached XP level 4. HP: 44/49 MP: 4/4
  1532 | D:2      | Reached ** piety under Trog
  1796 | D:2      | Reached skill level 5 in Fighting
  2074 | D:3      | Reached XP level 5. HP: 57/57 MP: 5/5
  2103 | D:3      | Found a blossoming altar of Fedhas.
  2137 | D:3      | Reached skill level 5 in Polearms
  2175 | D:3      | Found a glowing drain.
  2184 | Sewer    | Entered a sewer
  2608 | Sewer    | Reached *** piety under Trog
  2638 | Sewer    | Reached XP level 6. HP: 48/67 MP: 6/6
  2641 | Sewer    | Reached skill level 1 in Stealth
  3467 | D:4      | Found an ornate altar of the Wu Jian Council.
  3601 | D:4      | Noticed Natasha
  3611 | D:4      | Killed Natasha
  3612 | D:4      | Reached XP level 7. HP: 33/76 MP: 7/7
  3825 | D:4      | Noticed Natasha
  3833 | D:4      | Killed Natasha
  3928 | D:4      | Found a bloodstained altar of Trog.
  3990 | D:4      | Found Utaerunn's Distillery.
  4006 | D:4      | Reached skill level 1 in Shields
  4165 | D:4      | Bought a potion of curing for 42 gold pieces
  4205 | D:4      | Noticed Natasha
  4210 | D:4      | Killed Natasha
  4312 | D:5      | Entered Level 5 of the Dungeon
  4348 | D:5      | Reached XP level 8. HP: 79/87 MP: 8/8
  4642 | D:5      | Reached **** piety under Trog
  5164 | D:5      | Found a shimmering blue altar of Sif Muna.
  5386 | D:6      | Found a staircase to the Ecumenical Temple.
  5392 | Temple   | Entered the Ecumenical Temple
  5525 | D:6      | Reached XP level 9. HP: 33/97 MP: 9/9
  5950 | D:6      | Found a burning altar of Makhleb.
  6146 | D:6      | Found a snail-covered altar of Cheibriados.
  6290 | D:6      | Noticed a two-headed ogre
  6300 | D:6      | Killed a two-headed ogre
  6301 | D:6      | Reached skill level 1 in Throwing
  6610 | D:6      | Found a shadowy altar of Dithmenos.
  6748 | D:7      | Noticed a hornet
  6755 | D:7      | Killed a hornet
  6756 | D:7      | Reached skill level 5 in Shields
  6791 | D:7      | Found a glowing silver altar of Zin.
  6929 | D:7      | Reached skill level 10 in Polearms
  7037 | D:7      | Noticed a troll
  7047 | D:7      | Killed a troll
  7244 | D:7      | Reached XP level 10. HP: 99/110 MP: 10/10
  7323 | D:7      | Reached skill level 10 in Fighting
  7617 | D:7      | Found Gaihoj's Armour Shoppe.
  7674 | D:7      | Reached skill level 1 in Armour
  8033 | D:7      | Noticed a centaur warrior
  8043 | D:7      | Killed a centaur warrior
  8819 | D:8      | Found a shimmering altar of Xom.
  8968 | D:8      | Reached XP level 11. HP: 120/120 MP: 11/11
  9225 | D:9      | Found Paehihof's Weapon Shop.
  9241 | D:9      | Reached ***** piety under Trog
  9347 | D:9      | Reached skill level 1 in Evocations
  9476 | D:9      | Found Fouphe's Jewellery Shoppe.
  9605 | D:9      | Found Ifavuvi's Assorted Antiques.
  9613 | D:9      | Bought a golden potion for 26 gold pieces
  9613 | D:9      | Bought 2 fuming yellow potions for 52 gold pieces
  9613 | D:9      | Bought a scroll of identify for 58 gold pieces
  9719 | D:9      | Found a staircase to the Lair.
  9758 | D:9      | Found Vuleit's Armour Shop.
  9836 | D:9      | Noticed a two-headed ogre
  9850 | D:9      | Killed a two-headed ogre
  9911 | D:9      | Found Waanoura's Antique Armour Shop.
  9944 | D:9      | Found a radiant altar of Vehumet.
  9994 | D:9      | Identified the +5 leather armour "Unworhom" {rC+ rCorr}
 10121 | D:10     | Entered Level 10 of the Dungeon
 10216 | D:10     | Received a gift from Trog
 10339 | D:10     | Found an ancient bone altar of Kikubaaqudgha.
 10479 | D:10     | Noticed Nergalle
 10498 | D:10     | Killed Nergalle
 10600 | D:10     | Found a hide-covered altar of Uskayaw.
 11131 | D:10     | Noticed a two-headed ogre
 11135 | D:10     | Killed a two-headed ogre
 11136 | D:10     | Reached XP level 12. HP: 133/133 MP: 12/12
 11264 | D:10     | Noticed an eight-headed hydra
 11276 | D:10     | Killed an eight-headed hydra
 11293 | D:10     | Noticed Gastronok
 11331 | D:10     | Killed Gastronok
 11332 | D:10     | Reached skill level 5 in Armour
 11388 | D:10     | Found Cuh Hahu's Jewellery Boutique.
 11971 | D:11     | Found a staircase to the Orcish Mines.
 12284 | D:11     | Identified the +10 flail of the Gibberer {heavy, ^Fragile
                  | Str+4 Int+2}
 12431 | D:11     | Reached skill level 5 in Evocations
 12532 | Lair:1   | Entered Level 1 of the Lair of Beasts
 12976 | Lair:1   | Reached XP level 13. HP: 138/148 MP: 13/13
 13594 | Lair:2   | Reached skill level 15 in Fighting
 13870 | Lair:2   | Identified the +1 trident "Diteliawn" {flame, rF+} (Trog
                  | gifted it to you on level 2 of the Lair of Beasts)
 13870 | Lair:2   | Received a gift from Trog
 14196 | Lair:2   | Found a hole to the Spider Nest.
 14572 | Lair:3   | Found a gate leading to a gauntlet.
 14591 | Gauntlet | Entered a Gauntlet
 14591 | Gauntlet | Found a transporter.
 14597 | Gauntlet | Found a transporter.
 14613 | Gauntlet | Found a transporter.
 14614 | Gauntlet | Found a transporter.
 14634 | Gauntlet | Found a transporter.
 14639 | Gauntlet | Found a runed translucent door.
 14641 | Gauntlet | Found a transporter.
 14643 | Gauntlet | Found a runed translucent door.
 14645 | Gauntlet | Found a transporter.
 14665 | Gauntlet | Found a transporter.
 14669 | Gauntlet | Found a transporter.
 14678 | Gauntlet | Found a transporter.
 14679 | Gauntlet | Found a transporter.
 14704 | Gauntlet | Found a transporter.
 14709 | Gauntlet | Found a transporter.
 14758 | Gauntlet | Found a transporter.
 14916 | Gauntlet | Identified the ring of Ytaell {Fly Dex+2}
 14939 | Gauntlet | Identified the +5 dagger of Noyhih {flame, Fly}
 14939 | Gauntlet | Noticed a minotaur
 14961 | Gauntlet | Killed a minotaur
 14969 | Gauntlet | Identified the +7 battleaxe of the Shallot {holy, rF+
                  | Int+2}
 14969 | Gauntlet | Identified the +3 leather armour of Patterns {Rampage
                  | Will+}
 14969 | Gauntlet | Identified the +0 chain mail of the Comet {rF- rC+ rCorr
                  | Int+4}
 15020 | Lair:3   | Found a dark tunnel.
 15025 | Volcano  | Entered a volcano
 15025 | Volcano  | Found a shimmering altar of Xom.
 15167 | Volcano  | Reached XP level 14. HP: 153/169 MP: 14/14
 15948 | Lair:3   | You fall into a shaft and drop 1 floor!
 16200 | Lair:4   | Identified the +2 pair of gloves "Ymowaups" {Stlth+}
 16377 | Lair:4   | Received a gift from Trog
 16457 | Lair:4   | Reached skill level 5 in Throwing
 16717 | Lair:4   | Found a staircase to the Slime Pits.
 16717 | Lair:4   | Found a viscous altar of Jiyva.
 17014 | Lair:5   | Entered Level 5 of the Lair of Beasts
 17150 | Lair:5   | Reached XP level 15. HP: 183/183 MP: 15/15
 17452 | Lair:5   | Reached skill level 10 in Shields
 17827 | Lair:5   | Identified the +2 glaive of Prudence {flame, rPois Str-4
                  | Dex+6} (Trog gifted it to you on level 5 of the Lair of
                  | Beasts)
 17827 | Lair:5   | Received a gift from Trog
 18090 | Lair:5   | Reached ****** piety under Trog
 18654 | Lair:5   | Received a gift from Trog
 19301 | Lair:3   | Found a staircase to the Shoals.
 19902 | Orc:1    | Entered Level 1 of the Orcish Mines
 20126 | Orc:2    | Entered Level 2 of the Orcish Mines
 20127 | Orc:2    | Noticed Jorgrun
 20131 | Orc:2    | Found a staircase to the Elven Halls.
 20143 | Orc:2    | Killed Jorgrun
 20436 | Orc:2    | Noticed Saint Roka
 20566 | Orc:2    | Killed Saint Roka
 20567 | Orc:2    | Reached XP level 16. HP: 133/192 MP: 16/16
 20853 | Orc:2    | Noticed Maurice
 20861 | Orc:2    | Killed Maurice
 20917 | Orc:2    | Found a roughly hewn altar of Beogh.
 20940 | Orc:2    | Received a gift from Trog
 20972 | Orc:2    | Found Estror's Jewellery Boutique.
 21031 | Orc:2    | Found Lipeck's Antique Armour Boutique.
 21180 | Orc:2    | Found Ybezagah's General Store.
 21210 | Orc:2    | Found Hacim's Antique Weapon Boutique.
 21439 | Orc:2    | Bought a scroll of enchant weapon for 82 gold pieces
 22721 | D:13     | Found a runed translucent door.
 22721 | D:13     | Noticed Larugibown's ghost (journeyman MDFE)
 22731 | D:13     | Killed Larugibown's ghost
 22732 | D:13     | Reached skill level 10 in Evocations
 22844 | D:13     | Noticed Kirke
 22854 | D:13     | Killed Kirke
 22854 | D:13     | Received a gift from Trog
 23027 | D:14     | Found a gate to the Vaults.
 23418 | D:14     | Reached skill level 15 in Polearms
 23435 | D:14     | Reached skill level 5 in Dodging
 23628 | D:15     | Entered Level 15 of the Dungeon
 23934 | D:15     | Found a glowing golden altar of the Shining One.
 24244 | D:15     | Received a gift from Trog
 24698 | D:15     | Reached XP level 17. HP: 201/201 MP: 17/17
 24712 | D:15     | Found a staircase to the Depths.
 25051 | Shoals:1 | Entered Level 1 of the Shoals
 25444 | Shoals:1 | Noticed Nikola
 25461 | Shoals:1 | Killed Nikola
 25495 | Shoals:1 | Identified the serpent talisman "Gaehuz" {Will+}
 25495 | Shoals:1 | Noticed Aizul
 25522 | Shoals:1 | Killed Aizul
 26531 | Shoals:2 | Noticed a titan
 26575 | Shoals:2 | Killed a titan
 26833 | Shoals:2 | Received a gift from Trog
 27714 | Shoals:3 | Identified the +1 pair of boots "Asoxejoe" {Str+5 Int+4
                  | Dex-2}
 27937 | Shoals:3 | Found Hoviwo's Overcharged Wands.
 27946 | Shoals:3 | Found Revalid's Magic Scroll Boutique.
 28500 | Shoals:4 | Entered Level 4 of the Shoals
 28708 | Shoals:4 | Received a gift from Trog
 28799 | Shoals:4 | Reached XP level 18. HP: 106/210 MP: 18/18
 28942 | Shoals:4 | Got a barnacled rune of Zot
 28951 | Shoals:4 | Identified the +4 robe "Suaveac" {rF+ Int+2 Dex+3}
 29079 | Shoals:4 | Identified the +3 scale mail of the Wild Haggis {rN+ Regen+
                  | Str-3 SInv}
 29545 | Shoals:4 | Received a gift from Trog
 30358 | Spider:1 | Entered Level 1 of the Spider Nest
 30469 | Spider:1 | Noticed Donald
 30476 | Spider:1 | Killed Donald
 31103 | Spider:2 | Received a gift from Trog
 31346 | Spider:2 | Reached skill level 10 in Armour
 31432 | Spider:2 | Identified the +1 arbalest of Imaam {antimagic, Dex+5}
 31655 | Spider:3 | Identified the +2 pair of gloves "Viotuycs" {Str+3}
 31933 | Spider:3 | Reached skill level 10 in Throwing
 32166 | Shoals:3 | Bought a scroll of enchant armour for 135 gold pieces
 32551 | Spider:3 | Received a gift from Trog
 33152 | Spider:3 | Reached XP level 19. HP: 212/213 MP: 19/19
 33196 | Spider:4 | Entered Level 4 of the Spider Nest
 33521 | Spider:4 | Received a gift from Trog
 34454 | Spider:4 | Received a gift from Trog
 34468 | Spider:4 | Identified the +1 hat of Inviolability {Int+2}
 34492 | Spider:4 | Got a gossamer rune of Zot
 34501 | Spider:4 | Identified the +0 pair of boots of Epsunoc {rPois rC+}
 34770 | Elf:1    | Entered Level 1 of the Elven Halls
 35267 | Elf:1    | Paralysed by an air elemental for 1 turns
 35300 | Elf:1    | Found Vehutar's General Store.
 35305 | Elf:1    | Bought a scroll of fog for 44 gold pieces
 35305 | Elf:1    | Bought a wand of quicksilver (2) for 92 gold pieces
 35305 | Elf:1    | Bought a potion of curing for 33 gold pieces
 35334 | Elf:1    | Found a runed translucent gate.
 35334 | Elf:1    | Found a runed translucent gate.
 35334 | Elf:1    | Found a runed translucent gate.
 35334 | Elf:1    | Noticed a tentacled monstrosity
 35335 | Elf:1    | Noticed a tentacled monstrosity
 35336 | Elf:1    | Noticed a tentacled monstrosity
 36403 | Elf:1    | Killed a tentacled monstrosity
 36403 | Elf:1    | Received a gift from Trog
 36403 | Elf:1    | Killed a tentacled monstrosity
 36411 | Elf:1    | Killed a tentacled monstrosity
 36419 | Elf:1    | Reached XP level 20. HP: 77/228 MP: 20/20
 36576 | Elf:1    | Found a runed translucent gate.
 36576 | Elf:1    | Found a runed translucent gate.
 36582 | Elf:1    | Noticed Xoff's ghost (adept GnCj)
 36583 | Elf:1    | Found a runed translucent gate.
 36747 | Elf:1    | Killed Xoff's ghost
 36880 | Elf:1    | Identified the +0 cloak of the Chimera {rPois Will- Int+4
                  | Slay+5}
 37171 | Elf:1    | Gained mutation: Your body sometimes deteriorates upon
                  | taking damage. [a cacodemon]
 37193 | Elf:1    | Lost mutation: Your body sometimes deteriorates upon taking
                  | damage. [potion of mutation]
 37193 | Elf:1    | Gained mutation: You expend magic power (3 MP) to
                  | strengthen your wands. [potion of mutation]
 37193 | Elf:1    | Gained mutation: You are partially covered in iridescent
                  | scales. (AC +2) [potion of mutation]
 37779 | Elf:2    | Found a runed translucent gate.
 37780 | Elf:2    | Found a runed translucent gate.
 37780 | Elf:2    | Found a runed translucent gate.
 37817 | Elf:2    | Paralysed by an air elemental for 1 turns
 37903 | Elf:2    | Received a gift from Trog
 38556 | Elf:3    | Entered Level 3 of the Elven Halls
 38783 | Elf:3    | Received a gift from Trog
 39040 | Elf:3    | Found Aptin's Book Emporium.
 39148 | Elf:3    | Paralysed by an air elemental for 1 turns
 39413 | Elf:3    | Received a gift from Trog
 39804 | Elf:3    | Identified the amulet "Kaokhlan" {rPois Regen+ rCorr Str-4
                  | Dex+5}
 39815 | Elf:3    | Reached skill level 15 in Shields
 39855 | Elf:3    | Identified the +7 mace of the Hurling Visionary {heavy,
                  | ^Fragile rElec rPois Stlth-}
 39920 | Abyss:3  | Cast into level 3 of the Abyss (a deep elf sorcerer)
 40159 | Elf:3    | Escaped the Abyss
 40165 | Elf:3    | Noticed a Brimstone Fiend
 40168 | Elf:3    | Noticed a Brimstone Fiend
 40311 | Elf:3    | Identified the +0 leather armour of Mukyoh {rC+ Dex+4}
 40315 | Elf:3    | Identified the +9 whip "Vudounna" {antimagic, rN+ Will+
                  | Int+2}
 40338 | Elf:3    | Reached XP level 21. HP: 195/227 MP: 21/21
 40355 | Elf:3    | Received a gift from Trog
 40575 | Elf:3    | Identified the +2 whip "Dethro Laxe" {venom, rElec rPois
                  | Int-2 Dex+4}
 40906 | Vaults:1 | Entered Level 1 of the Vaults
 40979 | Vaults:1 | Found a flickering gateway to a bazaar.
 40985 | Bazaar   | Entered a bazaar
 40985 | Bazaar   | Found Aruck's Antique Armour Shoppe.
 40985 | Bazaar   | Found Yleezel's Distillery.
 40985 | Bazaar   | Found Eraruaq's Antique Armour Emporium.
 40985 | Bazaar   | Found Yxaezun's Armour Shoppe.
 41011 | Bazaar   | Bought a potion of might for 36 gold pieces
 41011 | Bazaar   | Bought 2 potions of invisibility for 144 gold pieces
 41011 | Bazaar   | Bought a potion of mutation for 72 gold pieces
 41011 | Bazaar   | Bought a potion of curing for 27 gold pieces
 41011 | Bazaar   | Bought 2 potions of curing for 54 gold pieces
 41011 | Bazaar   | Bought a potion of haste for 90 gold pieces
 41011 | Bazaar   | Bought a potion of mutation for 72 gold pieces
 41581 | Vaults:1 | Received a gift from Trog
 42385 | Vaults:2 | Reached skill level 1 in Invocations
 42454 | Vaults:2 | Found a runed translucent door.
 42454 | Vaults:2 | Found a shimmering altar of Xom.
 42454 | Vaults:2 | Noticed Plog's ghost (adept AtMo)
 42488 | Vaults:2 | Killed Plog's ghost
 42630 | Vaults:2 | Found a staircase to the Crypt.
 43130 | Vaults:2 | Reached XP level 22. HP: 247/247 MP: 24/24
 43146 | Vaults:2 | Received a gift from Trog
 44323 | Vaults:3 | Paralysed by a formless jellyfish for 1 turns
 44429 | Vaults:3 | Identified the +5 arbalest "Zyclec" {heavy, rElec rF+ SInv}
 44514 | Vaults:3 | Identified the +11 trident "Ynenetoy" {flame, rN+} (Trog
                  | gifted it to you on level 3 of the Vaults)
 44514 | Vaults:3 | Received a gift from Trog
 44767 | Vaults:3 | Reached skill level 5 in Invocations
 45227 | Vaults:4 | Reached skill level 10 in Dodging
 45557 | Vaults:4 | Received a gift from Trog
 46265 | Vaults:4 | Reached skill level 15 in Throwing
 46798 | Depths:1 | Entered Level 1 of the Depths
 46997 | Depths:1 | Found a gateway to Hell.
 47113 | Depths:1 | Reached XP level 23. HP: 206/254 MP: 28/28
 47253 | Depths:1 | Noticed the Enchantress
 47258 | Depths:1 | Killed the Enchantress
 47881 | Depths:2 | Found a one-way gateway to a ziggurat.
 47937 | Depths:2 | Found an opulent altar of Gozag.
 48011 | Depths:2 | Received a gift from Trog
 48170 | Depths:2 | Found a one-way gate leading to the halls of Pandemonium.
 48479 | Depths:2 | Noticed a caustic shrike
 48485 | Depths:2 | Killed a caustic shrike
 48633 | Depths:2 | Identified the ring of Conformity {rElec rF- Will++ MP+9}
 48633 | Depths:2 | Noticed Grunn
 48644 | Depths:2 | Killed Grunn
 48854 | Depths:2 | Identified the +6 trident "Xuzxonum" {antimagic, rElec
                  | Dex+2} (Trog gifted it to you on level 2 of the Depths)
 48854 | Depths:2 | Received a gift from Trog
 49095 | Depths:2 | Noticed a juggernaut
 49107 | Depths:2 | Killed a juggernaut
 49157 | Depths:2 | Identified the staff of Instinct {+Blink rPois Dex+2 Stlth+
                  | Air Alchemy}
 49208 | Depths:2 | Noticed a golden dragon
 49216 | Depths:2 | Killed a golden dragon
 49496 | Depths:3 | Found a one-way gate to the infinite horrors of the Abyss.
 49526 | Depths:3 | Noticed Margery
 49557 | Depths:3 | Killed Margery
 49557 | Depths:3 | Received a gift from Trog
 49973 | Depths:3 | Noticed a juggernaut
 49981 | Depths:3 | Noticed a juggernaut
 49985 | Depths:3 | Reached XP level 24. HP: 247/260 MP: 30/30
 49992 | Depths:3 | Killed a juggernaut
 49999 | Depths:3 | Killed a juggernaut
 50000 | Depths:3 | Reached skill level 10 in Invocations
 50143 | Depths:3 | Received a gift from Trog
 50413 | Depths:3 | Identified the +1 robe of Parlour Games {Harm Str+3}
 50652 | Depths:3 | Found a runed translucent gate.
 50652 | Depths:3 | Found a runed translucent gate.
 50653 | Depths:3 | Found a runed translucent gate.
 50654 | Depths:3 | Identified the staff of Disintegration {rN+ Dex+3 Conj}
 50655 | Depths:3 | Noticed Tulador's ghost (adept HOFi)
 51243 | Depths:3 | Killed Tulador's ghost
 51530 | Depths:4 | Entered Level 4 of the Depths
 51602 | Depths:4 | Noticed a juggernaut
 51620 | Depths:4 | Killed a juggernaut
 51654 | Depths:4 | Received a gift from Trog
 51764 | Depths:4 | Found Luseigaa's Book Shoppe.
 51773 | Depths:4 | Bought a manual of Dodging for 1040 gold pieces
 52590 | Depths:4 | Found a gate to the Realm of Zot.
 52629 | Depths:4 | Identified the +4 falchion of the Squeaky God {antimagic,
                  | Str+5}
 53244 | Vaults:5 | Entered Level 5 of the Vaults
 53270 | Vaults:5 | Noticed a dread lich
 53285 | Vaults:5 | Killed a dread lich
 53301 | Vaults:5 | Reached skill level 15 in Invocations
 53310 | Vaults:5 | Reached XP level 25. HP: 167/273 MP: 34/34
 53340 | Vaults:5 | Received a gift from Trog
 53510 | Vaults:5 | Identified a scroll of acquirement
 53606 | Vaults:5 | Acquired the +0 mask of the Dragon {Will+ Slay+3 SInv}
 53606 | Vaults:5 | Found the +0 mask of the Dragon {Will+ Slay+3 SInv}
 53677 | Vaults:5 | Identified the +6 flail of the Fortifying Traitor {elec,
                  | Dex+5 SInv}
 53743 | Vaults:5 | Noticed a dread lich
 53752 | Vaults:5 | Killed a dread lich
 54049 | Vaults:5 | Noticed a dread lich
 54055 | Vaults:5 | Killed a dread lich
 54314 | Vaults:5 | Identified the +1 flail "Leviticus" {flame, rPois rN+
                  | Will++ Stlth-}
 54486 | Vaults:5 | Identified the +1 falchion "Fesuty" {flame, rC+ Int-4 SInv
                  | Stlth+}
 54604 | Vaults:5 | Identified the staff of Tutroc {+Blink rPois Dex+5 Alchemy}
 54615 | Vaults:5 | Identified the +2 robe of the Scribe {Harm}
 54634 | Vaults:5 | Got a silver rune of Zot
 54635 | Vaults:5 | Identified the +1 hand axe "Azeos" {venom, Str+3}
 54712 | Vaults:5 | Received a gift from Trog
 55353 | D:10     | Bought the ring "Luco" {rC+ rN+ Will- Int+6 Slay+3} for 972
                  | gold pieces
 55566 | D:4      | Bought a potion of enlightenment for 70 gold pieces
 55566 | D:4      | Bought a potion of cancellation for 112 gold pieces
 55566 | D:4      | Bought 2 potions of haste for 280 gold pieces
 55715 | Orc:2    | Bought a potion of might for 44 gold pieces
 55967 | Shoals:3 | Bought a scroll of fog for 72 gold pieces
 55967 | Shoals:3 | Bought a scroll of teleportation for 54 gold pieces
 55967 | Shoals:3 | Bought a scroll of revelation for 135 gold pieces
 55967 | Shoals:3 | Bought a scroll of fear for 72 gold pieces
 55967 | Shoals:3 | Bought a scroll of fear for 72 gold pieces
 55967 | Shoals:3 | Bought a scroll of silence for 171 gold pieces
 55967 | Shoals:3 | Bought a scroll of teleportation for 54 gold pieces
 55977 | Shoals:3 | Bought a wand of warping (18) for 648 gold pieces
 55977 | Shoals:3 | Bought a wand of paralysis (18) for 648 gold pieces
 55977 | Shoals:3 | Bought a wand of mindburst (30) for 630 gold pieces
 55977 | Shoals:3 | Bought a wand of paralysis (18) for 648 gold pieces
 55977 | Shoals:3 | Bought a wand of warping (18) for 648 gold pieces
 55977 | Shoals:3 | Bought a wand of polymorph (18) for 378 gold pieces
 56416 | Zot:1    | Entered Level 1 of the Realm of Zot
 56457 | Zot:1    | Found a transporter.
 56619 | Zot:1    | Found a transporter.
 57807 | Zot:1    | Noticed an orb of fire
 57812 | Zot:1    | Gained mutation: You occasionally shout uncontrollably at
                  | your foes. [an orb of fire]
 57814 | Zot:1    | Killed an orb of fire
 58023 | Zot:1    | Noticed an orb of fire
 58024 | Zot:1    | Noticed an orb of fire
 58061 | Zot:1    | Noticed an orb of fire
 58065 | Zot:1    | Killed an orb of fire
 58074 | Zot:1    | Received a gift from Trog
 58080 | Zot:1    | Reached XP level 26. HP: 195/283 MP: 34/36
 58080 | Zot:1    | Gained mutation: You are clumsy. (Dex -2) [an orb of fire]
 58083 | Zot:1    | Killed an orb of fire
 58125 | Zot:1    | Gained mutation: You are mostly covered in iridescent
                  | scales. (AC +4) [an orb of fire]
 58132 | Zot:1    | Killed an orb of fire
 58204 | Zot:1    | Gained mutation: You are frail. (-10% HP) [a cacodemon]
 58361 | Zot:1    | Identified the +1 short sword of the Fifty Yaks {freeze,
                  | Str+2}
 58380 | Zot:1    | Identified the amulet "Uplo Yshrirr" {Reflect Int+3 SH+5}
 58410 | Zot:1    | Identified the amulet "Kuemivuf" {rElec Regen+ Dex+3}
 58436 | Zot:1    | Lost mutation: You are clumsy. (Dex -2) [potion of
                  | mutation]
 58436 | Zot:1    | Lost mutation: You are frail. (-10% HP) [potion of
                  | mutation]
 58436 | Zot:1    | Lost mutation: You occasionally shout uncontrollably at
                  | your foes. [potion of mutation]
 58436 | Zot:1    | Gained mutation: You do not regenerate when monsters are
                  | visible. [potion of mutation]
 58436 | Zot:1    | Gained mutation: You are frail. (-10% HP) [potion of
                  | mutation]
 58436 | Zot:1    | Gained mutation: You are partially covered in large bone
                  | plates. (SH +4) [potion of mutation]
 58437 | Zot:1    | Lost mutation: You are partially covered in large bone
                  | plates. (SH +4) [potion of mutation]
 58437 | Zot:1    | Lost mutation: You are frail. (-10% HP) [potion of
                  | mutation]
 58437 | Zot:1    | Gained mutation: You passively dampen the noise of your
                  | surroundings. [potion of mutation]
 58437 | Zot:1    | Gained mutation: You occasionally lose the ability to drink
                  | potions when taking damage. [potion of mutation]
 58437 | Zot:1    | Gained mutation: You have large cloven feet. [potion of
                  | mutation]
 58438 | Zot:1    | Lost mutation: You passively dampen the noise of your
                  | surroundings. [potion of mutation]
 58438 | Zot:1    | Lost mutation: You expend magic power (3 MP) to strengthen
                  | your wands. [potion of mutation]
 58438 | Zot:1    | Lost mutation: You occasionally lose the ability to drink
                  | potions when taking damage. [potion of mutation]
 58438 | Zot:1    | Gained mutation: You expend magic power (3 MP) to
                  | strengthen your wands. [potion of mutation]
 58439 | Zot:1    | Lost mutation: You do not regenerate when monsters are
                  | visible. [potion of mutation]
 58439 | Zot:1    | Lost mutation: You expend magic power (3 MP) to strengthen
                  | your wands. [potion of mutation]
 58439 | Zot:1    | Lost mutation: You are mostly covered in iridescent scales.
                  | (AC +4) [potion of mutation]
 58439 | Zot:1    | Gained mutation: You are robust. (+10% HP) [potion of
                  | mutation]
 58762 | Zot:3    | Reached skill level 15 in Dodging
 58958 | Zot:3    | Received a gift from Trog
 59558 | Zot:5    | Entered Level 5 of the Realm of Zot
 59891 | Zot:5    | Reached skill level 5 in Stealth
 60390 | Zot:5    | Noticed an ancient lich
 60435 | Zot:5    | Killed an ancient lich
 60554 | Zot:5    | Noticed an ancient lich
 60567 | Zot:5    | Killed an ancient lich
 60588 | Zot:5    | Noticed a Killer Klown
 60599 | Zot:5    | Killed a Killer Klown
 60604 | Zot:5    | Noticed an ancient lich
 60606 | Zot:5    | Noticed an orb of fire
 60608 | Zot:5    | Noticed an ancient lich
 60612 | Zot:5    | Noticed an ancient lich
 60613 | Zot:5    | Gained mutation: Armour fits poorly on your strangely
                  | shaped body. [an orb of fire]
 60615 | Zot:5    | Gained mutation: Your spells are a little easier to cast,
                  | but a little less powerful. [an orb of fire]
 60620 | Zot:5    | Killed an ancient lich
 60621 | Zot:5    | Reached XP level 27. HP: 229/320 MP: 37/37
 60624 | Zot:5    | Gained mutation: You are vulnerable to heat. (rF-) [an orb
                  | of fire]
 60630 | Zot:5    | Killed an ancient lich
 60631 | Zot:5    | Killed an orb of fire
 60638 | Zot:5    | Killed an ancient lich
 60747 | Zot:5    | Lost mutation: You are vulnerable to heat. (rF-) [potion of
                  | mutation]
 60747 | Zot:5    | Lost mutation: You are robust. (+10% HP) [potion of
                  | mutation]
 60747 | Zot:5    | Gained mutation: You have hoof-like feet. [potion of
                  | mutation]
 60747 | Zot:5    | Gained mutation: You passively dampen the noise of your
                  | surroundings. [potion of mutation]
 60747 | Zot:5    | Gained mutation: You possess an exceptional clarity of
                  | mind. [potion of mutation]
 60748 | Zot:5    | Lost mutation: Your spells are a little easier to cast, but
                  | a little less powerful. [potion of mutation]
 60748 | Zot:5    | Lost mutation: You have hoof-like feet. [potion of
                  | mutation]
 60748 | Zot:5    | Gained mutation: You are covered in fur. (AC +1) [potion of
                  | mutation]
 60748 | Zot:5    | Gained mutation: Your spells are a little harder to cast,
                  | but a little more powerful. [potion of mutation]
 60748 | Zot:5    | Gained mutation: You have a pair of horns on your head.
                  | [potion of mutation]
 60929 | Zot:5    | Got the Orb of Zot
 60931 | Zot:5    | Noticed a dread lich
 60937 | Zot:5    | Killed a dread lich
 61147 | Zot:1    | Noticed Otiphuro the pandemonium lord
 61231 | Depths:1 | Noticed Jinantid the pandemonium lord
 61501 | D:$      | Escaped with the Orb!

Illustrated notes

Levels and vault maps discovered:
D:1:      amcnicky_arrival_underground_garden, layout_basic,
          palyth_stone_intersect, minmay_tetromino_t2
D:2:      layout_basic
D:3:      layout_basic, mainiacjoe_overflow_six_doors_small,
          mainiacjoe_sewer_entry_somewhere_in_here_1
D:4:      layout_rooms, nicolae_wu_jian_immortal_techniques,
          kennysheep_little_box, corexii_checkpoint, kennysheep_windowed_goal,
          uniq_natasha
D:5:      layout_loops_ring, lemuel_crystal_altar
D:6:      layout_loops_corners, bloody_makhleb, cheibriados_altar_1,
          mainiacjoe_overflow_alcove_2, minmay_temple_entry_ruins,
          minmay_crystal_room
D:7:      nzn_winding_woodlands_cross [nzn_winding_woodlands_5x15_eye,
          nzn_winding_woodlands_5x15_longhouse,
          nzn_winding_woodlands_5x15_twine, nzn_winding_woodlands_5x15_sawtooth,
          nzn_winding_woodlands_15x15_boxy_spiral], layout_basic,
          mainiacjoe_overflow_brackets, serial_shops, shop
D:8:      layout_rooms, amcnicky_altar_gilded, ebering_dispersal_statue_hall
D:9:      layout_small_grid, lemuel_tele_altar, erik_lair_island, serial_shops,
          shop, nicolae_lakefront_shop, shop, shop,
          nicolae_shop_tiny_real_fake_doors
D:10:     regret_index_early_branch_jog, layout_basic,
          eat_drink_and_be_merry_uskayaw, lemuel_doored_altar,
          kennysheep_path_1, uniq_nergalle, uniq_gastronok
D:11:     layout_basic, orc_0_dummy
D:12:     cheibrodos_wizards_tower, layout_gridville, lemuel_flamethrower_2
D:13:     layout_roguey, gammafunk_ghost_grave, uniq_kirke
D:14:     layout_rooms, hellmonk_vaults_order_and_chaos, interstate_on_off
D:15:     gammafunk_enter_depths_forms, layout_gridville, serial_glass,
          glass_columns_a, glass_columns_a, glass_columns_a, glass_columns_a,
          glass_columns_a, glass_columns_a, glass_columns_a, glass_columns_a,
          nicolae_tso_carved_into_rock
Temple:   hellmonk_temple_beads
Lair:1:   layout_cave_pods, lemuel_fruit_tree
Lair:2:   layout_regular_city, spider_nest_entry_a, grunt_megastairs_3,
          serial_bayou_shore_a
Lair:3:   layout_cellular_growth, elwin_shoals_entry_stream,
          nicolae_volcano_entry_vermiform, gauntlet_entry_generic,
          nicolae_lair_lindhole
Lair:4:   layout_big_grid, minmay_slime_entry_pillars, minmay_lair_oklob_items,
          beast_lair_carwin_6
Lair:5:   hangedman_lair_tendril_chambers, layout_cave_pods
Shoals:1: layout_shoals, uniq_aizul, uniq_nikola
Shoals:2: cheibrodos_shoals_gigantism, layout_shoals,
          nicolae_shoals_bring_sunscreen
Shoals:3: layout_shoals, serial_shops, shop, nicolae_shop_overcharged_wands
Shoals:4: shoals_end_hangedman, layout_shoals
Spider:1: layout_spider_delve, uniq_donald
Spider:2: layout_spider_delve, drop_trap, hangedman_spider_tarantella_strand
Spider:3: layout_spider_delve
Spider:4: hellmonk_spider_rune_bug_friends, nicolae_spider_undead_wolf_pack
Orc:1:    layout_caves
Orc:2:    grunt_orc_cross, layout_diamond_mine, uniq_jorgrun, uniq_maurice,
          uniq_saint_roka
Elf:1:    nicolae_elf_arrival_fired_up, layout_onion_city, serial_shops,
          nicolae_shop_rolling_square,
          ploomutoo_gammafunk_ghost_potion_laboratory,
          kennysheep_underground_church
Elf:2:    nicolae_elf_blades_crystal_corner, layout_gridlike
Elf:3:    minmay_elf_hall_statues, layout_loops_corners, serial_shops,
          nicolae_shop_mannequins, minmay_curled_crystal
Vaults:1: nicolae_vaults_trapezoid_4, v_misc_33, ontoclasm_vaults_ring_square,
          nicolae_vaults_storage_closets_3, nicolae_vaults_little_squares_4,
          serial_library_hellmonk_open_cross, nicolae_vaults_rhombus_6,
          ontoclasm_vaults_decontamination, nicolae_vaults_trapezoid_1,
          nicolae_vaults_storage_room_doors, nicolae_vaults_house_3,
          nicolae_vaults_ring_of_whatevers, ontoclasm_vaults_shuriken,
          vaults_room_fours, layout_vaults_omnicross, serial_shops,
          bzr_entry_road
Vaults:2: ebering_ghost_xom, minmay_crypt_entry_simple_walls,
          nicolae_vaults_cochlea, nicolae_vaults_antechamber_and_loot_room,
          hangedman_vaults_snaps, nicolae_vaults_puzzle_piece,
          vaults_mumra_hexcomb, nicolae_vaults_storage_closets_1,
          ontoclasm_vaults_pinch, hangedman_vaults_hat,
          nicolae_vaults_variable_pillar_hall, hangedman_vaults_stream,
          nicolae_vaults_storage_room_glass,
          hangedman_vaults_stretched_pinwheel, nicolae_vaults_lightning_bolt,
          v_misc_19, layout_vaults_omnibox, serial_glass
Vaults:3: ontoclasm_vaults_gateway, ontoclasm_vaults_bender,
          ontoclasm_vaults_twist, nicolae_vaults_variable_pillar_hall, st_eye,
          v_misc_16, nicolae_vaults_rhombus_7, nicolae_vaults_double_plus_2,
          nicolae_vaults_six-pack, nicolae_vaults_tetromino_T_2,
          nicolae_vaults_yaktaur_gun_rack, layout_vaults_omnigrid
Vaults:4: nicolae_vaults_big_angled_halls, v_misc_16, nicolae_vaults_two_Ls,
          lightli_orcish_oven, nicolae_vaults_little_squares_3,
          nicolae_vaults_network_square, hangedman_vaults_stretched_pinwheel,
          vaults_mumra_chevron, v_rooms_3, nicolae_vaults_theta, v_misc_14,
          nicolae_vaults_twisting_passages, nicolae_vaults_little_squares_1,
          layout_vaults_maze_bifur
Vaults:5
Depths:1: layout_roguey, pf_hell_entry_great_geh, kennysheep_cross_bottleneck,
          lightli_fourway_metalbox, grunt_megastairs_4, serial_bayou_shore_b,
          uniq_enchantress
Depths:2: kennysheep_large_vault, layout_basic, enter_ziggurat_f,
          rand_demon_pan_entry_4, hell_entry,
          nicolae_gozag_cash_rules_everything_around_me, uniq_grunn
Depths:3: minmay_the_grid_square_5x5_4x4 [minmay_the_grid_square_5x5_two_small,
          minmay_the_grid_square_5x5_fancy_junction,
          minmay_the_grid_square_5x5_intrusive_squares,
          minmay_the_grid_square_5x5_checkered_sparse,
          minmay_the_grid_square_5x5_plus,
          minmay_the_grid_square_5x5_prize_open,
          minmay_the_grid_square_5x5_prize_pseudospiral,
          minmay_the_grid_square_5x5_seven,
          minmay_the_grid_square_5x5_six_small,
          minmay_the_grid_square_5x5_prize_itemx,
          minmay_the_grid_square_5x5_prize_gold,
          minmay_the_grid_square_5x5_beaten_path,
          minmay_the_grid_square_5x5_trominoes,
          minmay_the_grid_square_5x5_shrine2,
          minmay_the_grid_square_5x5_doubleslash,
          minmay_the_grid_square_5x5_shrine1], layout_gridlike,
          grunt_metal_band, gammafunk_ghost_tricky_traps, abyss_entry,
          kennysheep_small_circle
Depths:4: grunt_zot_entry_alcove, layout_cave_shapes, skrybe_limestone_x,
          grunt_pan_entry_in_and_out, hell_entry, serial_rivers,
          chequers_serial_rivers_micro_a, chequers_serial_rivers_room_a,
          chequers_serial_rivers_room_b, chequers_serial_rivers_small_b,
          chequers_serial_rivers_micro_c, serial_shops, shop
Zot:1:    gammafunk_dig_for_victory, layout_gridlike,
          regret_index_zotdec_stipple_waver
Zot:2:    layout_onion_interference, grunt_megastairs_2
Zot:3:    layout_onion_interference
Zot:4:    kennysheep_ambush_hall, layout_onion_interference,
          regret_index_zotdec_barnacled_simple
Zot:5:    layout_gridlike, lemuel_golem_globe

Skill      XL: |  1  2  3  4  5  6  7  8  9 10 11 12 13 14 15 16 17 18 19 20 21 22 23 24 25 26 27 |
---------------+----------------------------------------------------------------------------------+-----
Polearms       | 4 5 6 7 8 10 11 13 14 15 16 17 18 19 20 | 20.0
Fighting       | 5 6 7 8 9 11 12 14 18 20 | 20.0
Stealth        | 1 2 4 5 6 |  6.4
Shields        | 2 4 5 6 7 8 9 11 12 13 14 15 16 17 18 19 20 | 20.0
Dodging        | 3 5 6 7 8 9 10 11 14 15 | 15.9
Throwing       | 1 6 7 9 10 11 13 14 15 16 17 | 17.7
Armour         | 3 4 5 7 8 9 10 11 12 13 14 | 14.9
Evocations     | 3 5 6 7 9 10 11 12 13 14 | 14.0
Invocations    | 3 6 9 15 18 20 | 20.1

Action                     |  1- 3 |  4- 6 |  7- 9 | 10-12 | 13-15 | 16-18 | 19-21 | 22-24 | 25-27 || total
---------------------------+-------+-------+-------+-------+-------+-------+-------+-------+-------++-------
  Melee: Spear             |    95 |   243 |       |       |       |       |       |       |       ||   338
         Headbutt          |    11 |    27 |    27 |   105 |   192 |   158 |   235 |   265 |   119 ||  1139
         Trident           |       |     7 |   216 |   688 |   560 |       |       |       |       ||  1471
         Demon trident     |       |       |       |       |   448 |   952 |  1139 |  1060 |   524 ||  4123
         Kick              |       |       |       |       |       |       |       |       |    89 ||    89
  Throw: Stone             |     4 |     9 |    12 |    37 |     5 |       |       |       |       ||    67
         Dart              |       |       |       |     5 |     2 |     1 |       |       |       ||     8
         Boomerang         |       |       |       |       |    58 |   345 |   106 |    49 |    80 ||   638
         Javelin           |       |       |       |       |       |       |     1 |     9 |    32 ||    42
         Large rock        |       |       |       |       |       |       |       |   192 |   203 ||   395
 Invoke: Berserk           |     2 |     2 |     5 |    13 |     9 |     1 |     1 |       |       ||    33
         Trog's Hand       |       |       |       |     2 |     6 |     6 |     8 |     7 |     5 ||    34
         Brothers in Arms  |       |       |       |       |     6 |     2 |     1 |     1 |     3 ||    13
  Evoke: Wand              |       |       |       |     5 |     6 |    11 |    13 |     3 |    22 ||    60
         Lightning rod     |       |       |       |       |    15 |    16 |    16 |    11 |     5 ||    63
         Gell's gravitambo |       |       |       |       |       |     4 |     7 |     6 |     5 ||    22
         Condenser vane    |       |       |       |       |       |     2 |     2 |     5 |     2 ||    11
         Sack of spiders   |       |       |       |       |       |     2 |     2 |     3 |     3 ||    10
         Phantom mirror    |       |       |       |       |       |       |     1 |     1 |     1 ||     3
    Use: Scroll            |       |    11 |     2 |    11 |    13 |    18 |    19 |    10 |    12 ||    96
         Potion            |       |       |       |       |     2 |     6 |     3 |       |    21 ||    32
   Stab: Sleeping          |       |       |     3 |       |       |     2 |     7 |     5 |     3 ||    20
         Distracted        |       |       |       |     2 |     2 |     7 |    23 |    28 |     9 ||    71
         Paralysed         |       |       |       |     3 |     3 |     3 |     7 |       |    15 ||    31
         Confused          |       |       |       |       |       |       |     1 |       |     1 ||     2
         Invisible         |       |       |       |       |       |       |       |       |     4 ||     4
         Held in net/web   |       |       |       |       |       |       |       |       |     1 ||     1
 Armour: Animal skin       |    58 |   129 |    95 |       |       |       |       |       |       ||   282
         Troll leather arm |       |       |     9 |   313 |   543 |   474 |   317 |   115 |       ||  1771
         Acid dragon scale |       |       |       |       |       |       |       |   135 |   174 ||   309
  Dodge: Dodged            |    33 |    84 |    49 |   105 |   175 |   286 |   152 |   136 |    83 ||  1103
  Block: Kite shield       |       |       |    68 |   173 |   342 |   274 |       |       |       ||   857
         Tower shield      |       |       |       |       |       |   133 |   511 |   553 |   241 ||  1438
         Reflection        |       |       |       |       |       |       |    75 |    55 |    21 ||   151

Table legend: (Time is in decaauts)
 A = Elapsed time spent in this place.
 B = Non-inter-level travel time spent in this place.
 C = Inter-level travel time spent in this place.
 D = Time resting spent in this place.
 E = Time spent auto-exploring this place.
 F = Levels seen in this place.
 G = Mean time per level.
                   A        B        C        D        E       F      G
               +--------+--------+--------+--------+--------+-----+--------+
         Total |  60308 |  54686 |   5622 |   2961 |  35751 |  53 | 1137.9 |
       Dungeon |  16814 |  14720 |   2094 |    378 |  10841 |  15 | 1120.9 |
        Temple |      1 |      1 |      0 |      0 |      0 |   1 |    1.0 |
          Lair |   6915 |   6212 |    703 |     46 |   4347 |   5 | 1383.0 |
        Shoals |   5485 |   4888 |    597 |    105 |   3610 |   4 | 1371.2 |
   Spider Nest |   3865 |   3626 |    239 |    199 |   2089 |   4 |  966.2 |
  Orcish Mines |   1873 |   1623 |    250 |     12 |   1108 |   2 |  936.5 |
   Elven Halls |   5446 |   5241 |    205 |    504 |   3292 |   3 | 1815.3 |
        Vaults |   7525 |   6875 |    650 |    342 |   4372 |   5 | 1505.0 |
        Depths |   6353 |   5872 |    481 |    382 |   3956 |   4 | 1588.2 |
           Zot |   4543 |   4142 |    401 |    903 |   1710 |   5 |  908.6 |
         Abyss |    219 |    219 |      0 |      0 |      0 |   1 |  219.0 |
        Bazaar |     33 |     33 |      0 |      0 |     17 |   1 |   33.0 |
         Sewer |    571 |    571 |      0 |      0 |    362 |   1 |  571.0 |
       Volcano |    294 |    294 |      0 |     65 |     47 |   1 |  294.0 |
      Gauntlet |    362 |    362 |      0 |     23 |      0 |   1 |  362.0 |
               +--------+--------+--------+--------+--------+-----+--------+

Top non-repeatable levels by time:
   Zot:1: 2294 daAuts
   Elf:1: 2276 daAuts
Depths:3: 2177 daAuts
    D:10: 2155 daAuts
  Lair:5: 1976 daAuts
   Elf:3: 1875 daAuts
Vaults:5: 1736 daAuts
     D:7: 1681 daAuts
Depths:2: 1665 daAuts
Shoals:4: 1649 daAuts
  Lair:3: 1636 daAuts
Vaults:4: 1574 daAuts
Shoals:1: 1489 daAuts
Vaults:3: 1488 daAuts
   Orc:2: 1446 daAuts
